 Dungeon Crawl Stone Soup version 0.28.0-53-g5a82cb258f (webtiles) character file.

Game seed: 13090707415139392693

48 Kaptain the Digger (level 3, -1/20 HPs)
             Began as a Gargoyle Earth Elementalist on July 12, 2022.
             Slain by Terence
             ... wielding a +2 vampiric short sword
              (9 damage)
             ... on level 2 of the Dungeon.
             The game lasted 00:02:40 (1238 turns).

Kaptain the Digger (Gargoyle Earth Elementalist)    Turns: 1238, Time: 00:02:41

Health: -1/20      AC:  5    Str: 17    XL:     3   Next: 72%
Magic:  0/6        EV: 11    Int: 17    God:
Gold:   42         SH:  0    Dex: 10    Spells: 5/6 levels left

rFire   . . .      SeeInvis .   k - +0 short sword
rCold   . . .      Faith    .   (no shield)
rNeg    + . .      Spirit   .   b - +0 robe
rPois   ∞          Reflect  .   (no helmet)
rElec   +          Harm     .   (no cloak)
rCorr   .          Rampage  .   (no gloves)
Will    .....                   (no boots)
Stlth   ++........              (no amulet)
HPRegen 0.06/turn               h - +6 ring of strength
MPRegen 0.10/turn               (no ring)

@: no status effects
A: sickness immunity, AC +3, negative energy resistance 1, electricity
resistance, torment resistance 1, petrification resistance
a: no special abilities


You were on level 2 of the Dungeon.
You visited 1 branch of the dungeon, and saw 2 of its levels.

You collected 42 gold pieces.

Inventory:

Hand Weapons
 k - a +0 short sword (weapon)
Missiles
 c - 32 stones
 e - 33 sling bullets
Armour
 b - a +0 robe (worn)
Jewellery
 h - a +6 ring of strength (left hand)
 n - a ring of protection from cold
Wands
 m - a wand of mindburst (23)
Scrolls
 a - a scroll of fog {unknown}
 g - a scroll of summoning {unknown}
 i - 2 scrolls of teleportation {unknown}
 l - 2 scrolls of identify {unknown}
Potions
 d - a potion of invisibility {unknown}
 f - a potion of curing {unknown}
 j - a potion of attraction {unknown}


   Skills:
 * Level 1.5 Fighting
 + Level 0.6 Armour
 - Level 1.5 Dodging
 + Level 2.5 Stealth
 * Level 2.4 Spellcasting
 * Level 1.3 Conjurations
 - Level 0.7 Transmutations
 * Level 4.0 Earth Magic


You had 5 spell levels left.
You knew the following spells:

 Your Spells              Type           Power      Damage    Failure   Level
a - Sandblast             Erth           30%        2d9       3%          1

Your spell library contained the following spells:

 Spells                   Type           Power      Damage    Failure   Level
 Passwall                 Tmut/Erth      8%         N/A       11%         2
 Stone Arrow              Conj/Erth      22%        3d8       19%         3
 Petrify                  Tmut/Erth      10%        N/A       56%         4


Dungeon Overview and Level Annotations

Branches:
Dungeon (2/15)

Altars:

Annotations:
D:2 Terence


Innate Abilities, Weirdness & Mutations

You are immune to sickness and miasma.
Your stone body is resilient. (AC +3)
You are immune to poison.
You resist negative energy. (rN+)
You are resistant to electric shocks. (rElec)
You are resistant to unholy torment.
You are immune to petrification.


Message History

Confirm with . or Enter, or press ? or * to list all spells.
Aiming: Sandblast (safe; 3% risk of failure)
Press: ? - help, Shift-Dir - straight line, f/p - Terence
Aim: Terence, wielding a +2 vampiric short sword and wearing a +0 ring mail (82% to hit)
The blast of sand hits Terence.
Terence is moderately wounded.
Terence barely misses you.
Casting: Sandblast (safe; 3% risk of failure)
Confirm with . or Enter, or press ? or * to list all spells.
Aiming: Sandblast (safe; 3% risk of failure)
Press: ? - help, Shift-Dir - straight line, f/p - Terence
Aim: Terence, wielding a +2 vampiric short sword and wearing a +0 ring mail (moderately wounded, 82% to hit)
The blast of sand hits Terence.
Terence is heavily wounded.
Terence barely misses you.
Casting: Sandblast (safe; 3% risk of failure)
Confirm with . or Enter, or press ? or * to list all spells.
Aiming: Sandblast (safe; 3% risk of failure)
Press: ? - help, Shift-Dir - straight line, f/p - Terence
Aim: Terence, wielding a +2 vampiric short sword and wearing a +0 ring mail (heavily wounded, 82% to hit)
The blast of sand hits Terence but does no damage.
Terence is heavily wounded.
Terence hits you with a +2 vampiric short sword.
Casting: Sandblast (safe; 3% risk of failure)
Confirm with . or Enter, or press ? or * to list all spells.
Aiming: Sandblast (safe; 3% risk of failure)
Press: ? - help, Shift-Dir - straight line, f/p - Terence
Aim: Terence, wielding a +2 vampiric short sword and wearing a +0 ring mail (heavily wounded, 82% to hit)
The blast of sand hits Terence.
Terence is heavily wounded.
Terence hits you with a +2 vampiric short sword.
Casting: Sandblast (safe; 3% risk of failure)
Confirm with . or Enter, or press ? or * to list all spells.
Aiming: Sandblast (safe; 3% risk of failure)
Press: ? - help, Shift-Dir - straight line, f/p - Terence
Aim: Terence, wielding a +2 vampiric short sword and wearing a +0 ring mail (heavily wounded, 82% to hit)
The blast of sand hits Terence but does no damage.
Terence is heavily wounded.
Terence hits you with a +2 vampiric short sword!
You die...

#######.##...#.#.....#
............##.#####...
....)....#÷.##.# #
................
########...###..#######.
##.### ##...#....<
###..# ##.......
#####...#########.......
......###.......@.......
....###...#######@......
......).### .......
....##### ....... #####
....... ....... .......
.......


You could see Terence.

Vanquished Creatures
  An adder (D:2)
  2 dart slugs (D:1)
  3 ball pythons
  3 bats
  A giant cockroach (D:1)
  3 goblins (D:1)
  4 hobgoblins
  8 jackals
  3 kobolds
  3 rats
31 creatures vanquished.

Notes
Turn   | Place    | Note
-------+----------+-------------------------------------------
     0 | D:1      | Kaptain the Gargoyle Earth Elementalist began the quest for
                  | the Orb.
     0 | D:1      | Reached XP level 1. HP: 10/10 MP: 3/3
    82 | D:1      | Reached XP level 2. HP: 15/16 MP: 1/5
   350 | D:1      | Reached skill level 1 in Fighting
   389 | D:1      | Reached skill level 1 in Conjurations
   553 | D:1      | Reached XP level 3. HP: 20/20 MP: 3/6
   662 | D:1      | Reached skill level 4 in Earth Magic
  1232 | D:2      | Noticed Terence
  1238 | D:2      | Slain by Terence

Illustrated notes

Levels and vault maps discovered:
D:1:      dpeg_arrival_fog, layout_basic
D:2:      layout_rooms, uniq_terence

Skill      XL: |  1  2  3 |
---------------+----------+-----
Fighting       | 1 |  1.5
Conjurations   | 1 |  1.3
Earth Magic    | 4 |  4.0
Armour         | |  0.6
Dodging        | |  1.5
Stealth        | |  2.5
Spellcasting   | |  2.4
Transmutations | |  0.7

Action                   || total
-------------------------++-------
Melee: Unarmed           ||     1
       Dagger            ||     8
       Short sword       ||    35
       Punch             ||     2
 Cast: Sandblast         ||    44
Armor: Robe              ||    21
Dodge: Dodged            ||    43
